 Dungeon Crawl Stone Soup version 0.29.1-12-g30fa7ad0bf (webtiles) character file.

Game seed: 1333111833226162201

5517 BiteMe the Cruncher (level 10, -6/69 HPs)
             Began as a Demigod Fire Elementalist on Dec 19, 2022.
             Shot with an arrow by a centaur (13 damage)
             ... on level 9 of the Dungeon on Dec 21, 2022.
             The game lasted 01:38:59 (13434 turns).

BiteMe the Cruncher (Demigod Fire Elementalist)    Turns: 13434, Time: 01:38:59

Health: -6/69      AC:  7    Str: 13    XL:     10   Next: 20%
Magic:  16/24      EV: 10    Int: 31    God:
Gold:   445        SH:  0    Dex: 14    Spells: 8/23 levels left

rFire   + . .      SeeInvis .   V - staff of fire
rCold   . . .      Faith    .   (no shield)
rNeg    + . .      Spirit   .   Q - +2 ring mail {rN+}
rPois   .          Reflect  .   (no helmet)
rElec   .          Harm     .   (no cloak)
rCorr   .          Rampage  .   (no gloves)
Will    +....                   (no boots)
Stlth   +.........              q - amulet of regeneration
HPRegen 1.01/turn               r - ring of wizardry
MPRegen 0.19/turn               U - +6 ring of intelligence

@: brilliant
A: high MP 1, forlorn, divine attributes
a: no special abilities


You were on level 9 of the Dungeon.
You visited 2 branches of the dungeon, and saw 10 of its levels.

You collected 445 gold pieces.

Inventory:

Hand Weapons
 b - a +1 whip of freezing
 c - a +0 spear
 l - a +0 great sword
 t - a +0 antimagic mace
 v - a +4 short sword
 z - a +3 mace
 B - a +0 vorpal hand axe
 I - a +0 battleaxe
 O - a +0 dagger of speed
 R - a +4 long sword
 S - a +3 halberd
Armour
 k - a +1 robe of fire resistance
 u - a +0 scale mail
 K - a +0 ring mail
 L - a +0 buckler
 Q - a +2 ring mail of positive energy (worn)
Magical Staves
 V - a staff of fire (weapon)
Jewellery
 q - an amulet of regeneration (around neck)
 r - a ring of wizardry (left hand)
 G - a ring of flight
 U - a +6 ring of intelligence (right hand)
Wands
 e - a wand of flame (8)
 M - a wand of polymorph (6)
 N - a wand of iceblast (12)
Scrolls
 a - a scroll of enchant armour {unknown}
 d - 2 scrolls of silence {unknown}
 g - 2 scrolls of noise {unknown}
 h - 5 scrolls of poison
 j - 4 scrolls of identify
 m - 2 scrolls of butterflies
 p - 2 scrolls of amnesia {unknown}
 w - a scroll of fear {unknown}
 x - 2 scrolls of teleportation {unknown}
 y - 2 scrolls of blinking {unknown}
 P - a scroll of enchant weapon {unknown}
Potions
 f - 3 potions of lignification {unknown}
 i - a potion of magic
 n - a potion of berserk rage {unknown}
 o - 4 potions of resistance {unknown}
 s - a potion of degeneration {unknown}
 A - a potion of brilliance
 C - a potion of flight {unknown}
 D - a potion of cancellation {unknown}
 E - 2 potions of ambrosia {unknown}
 F - 2 potions of haste {unknown}
 H - 4 potions of heal wounds {unknown}


   Skills:
 - Level 0.2 Fighting
 - Level 0.2 Axes
 * Level 9.3 Staves
 - Level 1.7 Dodging
 - Level 1.7 Stealth
 - Level 7.0 Spellcasting
 - Level 4.2 Conjurations
 - Level 7.3 Fire Magic


You had 8 spell levels left.
You knew the following spells:

 Your Spells              Type           Power      Damage    Failure   Level
a - Foxfire               Conj/Fire      100%       2x1d9     1%          1
b - Scorch                Fire           100%       2d10      1%          2
c - Conjure Flame         Conj/Fire      81%        6-21      1%          3
d - Inner Flame           Hex/Fire       66%        N/A       2%          3
e - Poisonous Vapours     Pois/Air       32%        N/A       6%          2
f - Flame Wave            Conj/Fire      81%        2d18      3%          4

Your spell library contained the following spells:

 Spells                   Type           Power      Damage    Failure   Level
 Necrotise                Necr           64%        1d7       4%          1
 Sublimation of Blood     Necr           16%        N/A       6%          2
 Corpse Rot               Necr/Pois/Air  16%        N/A       34%         4
 Dispel Undead            Necr           16%        3d10      34%         4
 Petrify                  Tmut/Erth      16%        N/A       34%         4
 Irradiate                Conj/Tmut      17%        3d17      41%         5
 Agony                    Necr           16%        N/A       69%         5
 Necromutation            Tmut/Necr      8%         N/A       100%        8


Dungeon Overview and Level Annotations

Branches:
Dungeon (9/15)             Temple (1/1) D:4            Lair (0/5) D:8
    Orc (0/2) D:9

Shops:
D:5 **


Innate Abilities, Weirdness & Mutations

You have an increased reservoir of magic. (+10% MP)
You shall have no god before yourself.
Your divine heritage dramatically boosts your attributes as you level up.


Message History

You kill your butterfly!
Your butterfly disappears in a burst of colours!
Your butterfly is poisoned.
Your butterfly is engulfed in poison gas.
Your butterfly is poisoned.
You kill your butterfly!
Your butterfly disappears in a burst of colours!
Your butterfly is engulfed in poison gas.
Your butterfly is poisoned.
You kill your butterfly!
Your butterfly disappears in a burst of colours!
Your butterfly is engulfed in poison gas.
Your butterfly is poisoned.
You kill your butterfly!
Your butterfly disappears in a burst of colours!
Your butterfly is engulfed in poison gas.
Your butterfly is poisoned.
You kill your butterfly!
Your butterfly disappears in a burst of colours!
Your butterfly is engulfed in poison gas.
Your butterfly is poisoned.
You kill your butterfly!
Your butterfly disappears in a burst of colours!
The centaur shoots an arrow.
The arrow hits you.
* * * LOW HITPOINT WARNING * * *
The centaur shoots an arrow.
The arrow closely misses you.
The yak is engulfed in poison gas.
The yak looks as sick as possible!
The yak gores you.
* * * LOW HITPOINT WARNING * * *
The orc warrior shoots a bolt.
The bolt barely misses you.
Your butterfly is engulfed in poison gas.
Your butterfly looks even sicker.
You kill your butterfly!
Your butterfly disappears in a burst of colours!
Your butterfly is engulfed in poison gas.
Your butterfly looks even sicker.
You kill your butterfly!
Your butterfly disappears in a burst of colours!
The centaur shoots an arrow.
The arrow hits you!
You die...

##.# #. .#
......
.....#§##.#####
######
#.#.☼.§§......
#
#....☼<§§.....
#
:..###h§#o#####
# ##§o§§§#### #
§§..8§☼§§§# .
§§.§o§☼Y§§#§§#
§.o§§§§@○§§§○#
☼○§§§§☼§§8§§☼#
Y○☼§§☼§☼§§§☼§§#
§§§§☼○§§§○#§§#
§§c☼8§§§§§# ○☼○
##☼§§§§#### ##
###c## §§


You could see a yak (extremely poisoned), an orc warrior, 2 centaurs, a howler
monkey and 3 orcs.

Vanquished Creatures
  Pikel (D:6)
  2 hornets
  4 yaks (D:9)
  4 steam dragons
  3 wargs
  2 water moccasins
  An orc warrior (D:8)
  An ice beast (D:7)
  An ogre (D:7)
  2 sky beasts
  2 centaurs
  A phantom (D:4)
  3 lemures (D:6)
  2 necrophages (D:7)
  A kobold brigand (D:6)
  2 bullfrogs (D:8)
  13 wights
  A scorpion (D:5)
  2 killer bees (D:8)
  5 howler monkeys
  5 orc priests
  A gnoll bouda (D:5)
  2 hounds
  4 jellies
  Ijyb (D:4)
  2 iguanas
  5 orc wizards
  9 gnolls
  14 adders
  2 shadow imps
  2 white imps
  3 ufetubi
  3 worms
  A dart slug (D:1)
  25 orcs
  4 ball pythons
  9 endoplasms
  3 giant cockroaches
  7 goblins
  6 hobgoblins
  4 jackals (D:1)
  5 quokkas
  2 ball python zombies (D:3)
  6 bats
  5 frilled lizards
  11 kobolds
  8 rats
202 creatures vanquished.

Vanquished Creatures (others)
  A black bear (D:6)
  637 foxfires
  15 plants
653 creatures vanquished.

Grand Total: 855 creatures vanquished

Notes
Turn   | Place    | Note
-------+----------+-------------------------------------------
     0 | D:1      | BiteMe the Demigod Fire Elementalist began the quest for
                  | the Orb.
     0 | D:1      | Reached XP level 1. HP: 14/14 MP: 5/5
    62 | D:1      | Reached skill level 1 in Conjurations
   336 | D:1      | Reached XP level 2. HP: 20/20 MP: 1/7
  2205 | D:2      | Reached XP level 3. HP: 8/26 MP: 4/9
  3499 | D:2      | Reached XP level 4. HP: 33/33 MP: 6/11
  3513 | D:2      | Learned a level 2 spell: Scorch
  3517 | D:2      | Learned a level 3 spell: Conjure Flame
  4076 | D:5      | Entered Level 5 of the Dungeon
  4742 | D:4      | Reached XP level 5. HP: 38/38 MP: 5/13
  5964 | D:4      | Found a staircase to the Ecumenical Temple.
  5982 | Temple   | Entered the Ecumenical Temple
  6133 | D:4      | Noticed Ijyb
  6143 | D:4      | Killed Ijyb
  6471 | D:4      | Reached XP level 6. HP: 42/45 MP: 6/15
  7181 | D:5      | Got Jotal Oto's Codex of the Dead
  7490 | D:5      | Found Qabbuem's Assorted Antiques.
  7538 | D:5      | Reached skill level 5 in Fire Magic
  7538 | D:5      | Reached XP level 7. HP: 50/50 MP: 13/17
  7672 | D:5      | Noticed a hornet
  7702 | D:5      | Killed a hornet
  7703 | D:5      | Reached skill level 5 in Spellcasting
  7808 | D:5      | Found Ykutuph's Assorted Antiques.
  8189 | D:6      | Learned a level 3 spell: Inner Flame
  8192 | D:6      | Learned a level 2 spell: Poisonous Vapours
  8197 | D:6      | Learned a level 4 spell: Flame Wave
  8214 | D:6      | Noticed Pikel
  8253 | D:6      | Killed Pikel
  8254 | D:6      | Reached XP level 8. HP: 35/57 MP: 1/21
  9767 | D:7      | Reached skill level 1 in Staves
  9833 | D:7      | Reached skill level 2 in Staves
  9889 | D:7      | Reached XP level 9. HP: 62/62 MP: 15/23
 10045 | D:7      | Reached skill level 3 in Staves
 10319 | D:7      | Reached skill level 4 in Staves
 10554 | D:7      | Reached skill level 5 in Staves
 11177 | D:7      | Reached skill level 6 in Staves
 11629 | D:8      | Reached skill level 7 in Staves
 11837 | D:8      | Found a staircase to the Lair.
 11869 | D:9      | Found a staircase to the Orcish Mines.
 12667 | D:8      | Reached skill level 8 in Staves
 12672 | D:8      | Paralysed by a hornet for 1 turns
 12679 | D:8      | Reached XP level 10. HP: 20/69 MP: 0/24
 13431 | D:9      | Reached skill level 9 in Staves
 13434 | D:9      | Shot with an arrow by a centaur

Illustrated notes

Levels and vault maps discovered:
D:1:      heliophobic_arrival_glass_houses, layout_loops_ring,
          shapermc_ecumenical_altar_hornbeckon
D:2:      layout_basic
D:3:      layout_rooms, kennysheep_okawaru_gauntlet,
          lemuel_zombie_altar_yredelemnul
D:4:      layout_basic, grunt_gozag_breadcrumbs,
          nicolae_hepliaklqana_hazy_memory, cheibrodos_ashenzari_chains,
          minmay_temple_entry_waves, serial_forest,
          infiniplex_forest_clump_double, infiniplex_forest_corner_1,
          infiniplex_forest_end_2, infiniplex_forest_corner_1,
          infiniplex_forest_clump_long, infiniplex_forest_straight_2,
          st_stairs_2, uniq_ijyb
D:5:      layout_rooms, old_standard_altar, serial_shops,
          nicolae_lakefront_shop, nicolae_shop_overgrown_old_shop
D:6:      layout_basic, uniq_pikel
D:7:      layout_rooms, chei_slow_surprise
D:8:      minmay_inner_zag, layout_rooms, mainiacjoe_overflow_alcove_2,
          nicolae_vehumet_altar_sigil, erik_lair_orcish_takeover
D:9:      layout_loops_ring, david_orc_2, roderic_serpentine_path
Temple:   nicolae_temple_bog_church

Skill      XL: |  1  2  3  4  5  6  7  8  9 10 |
---------------+-------------------------------+-----
Conjurations   | 1 2 3 4 |  4.2
Spellcasting   | 2 3 4 6 7 |  7.0
Fire Magic     | 3 4 5 6 7 |  7.3
Staves         | 2 8 9 |  9.3
Fighting       | |  0.2
Axes           | |  0.2
Dodging        | |  1.7
Stealth        | |  1.7

Action                   |  1- 3 |  4- 6 |  7- 9 | 10-12 || total
-------------------------+-------+-------+-------+-------++-------
Melee: Short sword       |     1 |     1 |       |       ||     2
       Hand axe          |       |     6 |       |       ||     6
       Whip              |       |       |     4 |       ||     4
       Staff             |       |       |     4 |       ||     4
 Cast: Foxfire           |    76 |   126 |   151 |    10 ||   363
       Scorch            |       |    31 |   100 |     3 ||   134
       Conjure Flame     |       |     2 |     8 |       ||    10
       Poisonous Vapours |       |       |     1 |       ||     1
       Inner Flame       |       |       |       |     1 ||     1
       Flame Wave        |       |       |       |     1 ||     1
  Use: Potion            |       |       |     6 |     1 ||     7
       Scroll            |       |       |       |     3 ||     3
Armor: Robe              |     6 |     6 |       |       ||    12
       Ring mail         |       |       |    14 |       ||    14
Dodge: Dodged            |    13 |    11 |    38 |    10 ||    72
